 Dungeon Crawl Stone Soup version 0.22-a0-379-ga9d99d6 (webtiles) character file.

70 Gorglomux the Ducker (level 4, 0/37 HPs)
             Began as a Minotaur Earth Elementalist on Apr 28, 2018.
             Slain by Terence
             ... wielding a +0 hand axe
              (8 damage)
             ... on level 2 of the Dungeon.
             The game lasted 00:02:37 (2194 turns).

Gorglomux the Ducker (Minotaur Earth Elementalist)  Turns: 2194, Time: 00:02:38

Health: 0/37       AC:  3    Str: 13    XL:     4   Next: 3%
Magic:  4/5        EV: 13    Int: 12    God:
Gold:   69         SH:  0    Dex: 11    Spells: 4/5 levels left

rFire    . . .     SeeInvis .   a - +0 spear
rCold    . . .     Gourm    .   (no shield)
rNeg     . . .     Faith    .   c - +0 robe
rPois    .         Spirit   .   (helmet restricted)
rElec    .         Reflect  .   g - +0 cloak
rCorr    .         Harm     .   (no gloves)
MR       .....                  (no boots)
Stlth    ++........             f - amulet of inaccuracy (curse)
HPRegen  0.12/turn              (no ring)
MPRegen  0.09/turn              (no ring)

@: no status effects
A: retaliatory headbutt, horns 2
a: no special abilities


You were on level 2 of the Dungeon.
You were hungry.

You visited 1 branch of the dungeon, and saw 2 of its levels.

You collected 69 gold pieces.

Inventory:

Hand Weapons
 a - a +0 spear (weapon)
Missiles
 b - 97 stones (quivered)
Armour
 c - a +0 robe (worn)
 g - a +0 cloak (worn)
Jewellery
 f - a cursed amulet of inaccuracy (around neck)
 w - an uncursed ring of fire {unknown}
Scrolls
 r - a scroll of amnesia {unknown}
 u - a scroll of teleportation {unknown}
 y - a scroll of magic mapping {unknown}
Potions
 p - a potion of invisibility {unknown}
 q - 2 potions of curing
 s - a potion of cancellation {unknown}
 t - a potion of agility
 v - 2 potions of degeneration {unknown}
Comestibles
 e - 3 rations


   Skills:
 + Level 2.4 Fighting
 + Level 2.2 Armour
 + Level 3.2 Dodging
 - Level 1.6 Stealth
 - Level 1.4 Spellcasting
   Level 0.7 Transmutations
 - Level 2.4 Earth Magic


You had 4 spell levels left.
You knew the following spells:

 Your Spells              Type           Power        Failure   Level  Hunger
a - Sandblast             Erth           #.....       11%         1    ##.....


Dungeon Overview and Level Annotations

Branches:
Dungeon (2/15)

Altars:

Annotations:
D:2 Terence


Innate Abilities, Weirdness & Mutations

You reflexively headbutt those who attack you in melee.
You have a pair of horns on your head.


Message History

You butt-ly miss Terence!
Your headbutt misses Terence!
Terence is heavily wounded!
Terence closely misses you!
You skewer Terence like a kebab! You headbutt Terence, but do no damage!
Terence is heavily wounded!
Terence hits you with a hand butt!
You barely miss Terence!
Terence is butt-ly wounded!
Terence hits you with a hand axe!
You perforate Butt butt butt no damage!
Terence is heavily wounded!
Butt barely misses you!
You skewer Terence but do no damage!
Terence is heavily wounded!
Terence hits you with a hand axe! * * * don't die
* * * You miss Terence!
Terence is heavily butt!
Terence hits you with a hand butt!!! butt

#.>##'#######
#.##........#
#.##........#
#.##........#
#.###.#######
#.# #.# #.#
#.# #.# #.#
#.# #@#
#.###@#
#.....#
#######


You could see Terence.

Vanquished Creatures
  3 gnolls
  An adder (D:2)
  A leopard gecko (D:2)
  3 giant cockroaches
  3 goblins
  4 hobgoblins
  3 jackals (D:1)
  2 kobolds
  A ball python (D:1)
  3 bats
  2 frilled lizards
  3 rats (D:1)
29 creatures vanquished.

Notes
Turn   | Place    | Note
-------+----------+-------------------------------------------
     0 | D:1      | Gorglomux the Minotaur Earth Elementalist began the quest for the Orb.
     0 | D:1      | Reached XP level 1. HP: 14/14 MP: 1/1
   170 | D:1      | Reached skill level 1 in Fighting
   170 | D:1      | Reached XP level 2. HP: 13/23 MP: 0/3
   419 | D:1      | Reached skill level 1 in Armour
  1117 | D:2      | Reached XP level 3. HP: 8/29 MP: 0/4
  1141 | D:2      | HP: 1/29 [poisoned by an adder]
  1661 | D:1      | Reached skill level 3 in Dodging
  1826 | D:2      | Noticed Terence
  1927 | D:2      | Reached XP level 4. HP: 30/37 MP: 5/5
  2194 | D:2      | Slain by Terence

Vault maps used:
D:1:      dpeg_arrival_simpleton_a, minmay_misc_feat_five
D:2:      lemuel_upstairs_altar, uniq_terence

Skill      XL: |  1  2  3 |
---------------+----------+-----
Fighting       | 1 2 |  2.4
Armour         | 1 2 |  2.2
Dodging        | 3 |  3.2
Stealth        | |  1.6
Spellcasting   | |  1.4
Transmutations | |  0.7
Earth Magic    | |  2.4

Action                   |  1- 3 |  4- 6 || total
-------------------------+-------+-------++-------
Melee: Spear             |   100 |    17 ||   117
       Headbutt          |    10 |     3 ||    13
 Cast: Sandblast         |    13 |     4 ||    17
  Use: Scroll            |     2 |       ||     2
       Potion            |     1 |       ||     1
 Stab: Sleeping          |     4 |       ||     4
  Eat: Chunk             |     4 |       ||     4
Armor: Robe              |    13 |     2 ||    15
Dodge: Dodged            |    61 |     8 ||    69

Table legend:
 A = Spawn XP
 B = Non-spawn XP
 C = Spawn XP percentage of total XP
 D = Spawn monster count
 E = Non-spawn monster count
 F = Spawn count percentage of total count
 G = Total turns spent on level
                    A         B        C        D         E        F      G
               +---------+---------+-------+---------+---------+-------+---------
         Total |       0 |     100 |   0.0 |       0 |      29 |   0.0 |  2194
               +---------+---------+-------+---------+---------+-------+---------
           D:1 |       0 |      43 |   0.0 |       0 |      18 |   0.0 |  1303
           D:2 |       0 |      57 |   0.0 |       0 |      11 |   0.0 |   891
               +---------+---------+-------+---------+---------+-------+---------
